 Dungeon Crawl Stone Soup version 0.26.1-10-gdfb7c7de75 (webtiles) character file.

Game seed: 12412595901736097401

9009 H0rd4k the Carver (level 11, -1/83 HPs)
             Began as a Human Artificer on Mar 29, 2021.
             Was an Initiate of Gozag.
             Slain by a manticore (6 damage)
             ... on level 13 of the Dungeon on Mar 31, 2021.
             The game lasted 00:27:57 (12219 turns).

H0rd4k the Carver (Human Artificer)                Turns: 12219, Time: 00:27:59

Health: -1/83      AC: 12    Str: 20    XL:     11   Next: 66%
Magic:  11/11      EV: 13    Int: 13    God:    Gozag
Gold:   1673       SH:  0    Dex: 19    Spells: 10/10 levels left

rFire    + . .     SeeInvis .   w - +4 long sword (vorpal)
rCold    . . .     Faith    .   (no shield)
rNeg     . . .     Spirit   .   v - +2 scale mail {rF+}
rPois    +         Reflect  .   (no helmet)
rElec    +         Harm     .   (no cloak)
rCorr    .         Rampage  .   (no gloves)
Will     .....                  z - +1 pair of boots
Stlth    ..........             i - amulet of regeneration
HPRegen  0.63/turn              x - ring of poison resistance
MPRegen  0.12/turn              L - ring of Ulov {rElec Will- Str+6 Dex+5}

@: confused
A: no striking features
a: Renounce Religion, Potion Petition, Call Merchant, Bribe Branch


You were on level 13 of the Dungeon.
You worshipped Gozag.
Gozag was most pleased with you.
You visited 2 branches of the dungeon, and saw 14 of its levels.
You also visited: Ossuary and Bailey.

You collected 2102 gold pieces.
You spent 338 gold pieces at shops.
You paid 91 gold pieces to Gozag.

Inventory:

Hand Weapons
 l - a +0 short sword
 u - a +0 falchion
 w - a +4 vorpal long sword (weapon)
 E - the +9 trident of the Black Skies {vamp, rPois Str-2 Dex+8}
   (You took it off a kobold in a bailey)

   It inflicts no extra harm, but heals its wielder when it wounds a living foe.
   It affects your strength (-2).
   It affects your dexterity (+8).
   It protects you from poison.
 H - a +1 short sword of distortion
Armour
 b - a +0 leather armour
 o - a +2 plate armour of cold resistance
 v - a +2 scale mail of fire resistance (worn)
 z - a +1 pair of boots (worn)
 P - a cursed +0 ring mail
Magical Staves
 I - an uncursed staff of air {unknown}
Jewellery
 h - an uncursed ring of ice
 i - an amulet of regeneration (around neck)
 n - an uncursed ring of resist corrosion
 p - an uncursed amulet of the acrobat
 r - an uncursed ring of flight
 x - a ring of poison resistance (left hand)
 y - an uncursed ring of ice
 J - a +6 ring of intelligence {unknown}
 L - the ring of Ulov (right hand) {rElec Will- Str+6 Dex+5}
   (You found it on level 9 of the Dungeon)

   [ring of strength]

   It affects your strength (+6).
   It affects your dexterity (+5).
   It insulates you from electricity.
   It affects your willpower, your defense against some magical effects.
 N - an uncursed amulet of guardian spirit {unknown}
Wands
 M - a wand of random effects (18)
 Q - a wand of flame (14)
Scrolls
 a - 2 scrolls of teleportation
 e - 2 scrolls of amnesia {unknown}
 f - 10 scrolls of identify
 m - 13 scrolls of remove curse
 q - 3 scrolls of blinking
 B - a scroll of torment {unknown}
 F - 4 scrolls of fog
 K - a scroll of enchant armour
 O - a scroll of noise {unknown}
Potions
 c - 2 potions of experience {unknown}
 d - a potion of resistance {unknown}
 g - 3 potions of brilliance
 j - 6 potions of lignification
 k - 2 potions of cancellation
 s - 2 potions of flight
 t - 7 potions of curing
 G - 4 potions of degeneration {unknown}
Miscellaneous
 C - a lightning rod (1/4)
 D - a phial of floods
 R - a condenser vane


   Skills:
 + Level 6.9 Fighting
 + Level 1.3(7.0) Short Blades
 + Level 10.8 Long Blades
 + Level 8.1 Armour
 + Level 5.1 Dodging
 + Level 4.4 Stealth
 + Level 6.4 Evocations


You had 10 spell levels left.
You didn't know any spells.
Your spell library contained the following spells:

 Spells                   Type           Power        Failure   Level
 Animate Skeleton         Necr           0%           58%         1
 Beastly Appendage        Tmut           0%           58%         1
 Corona                   Hex            0%           58%         1
 Magic Dart               Conj           0%           58%         1
 Pain                     Necr           0%           58%         1
 Ensorcelled Hibernation  Hex/Ice        0%           75%         2
 Searing Ray              Conj           0%           75%         2
 Wereblood                Tmut           0%           75%         2
 Confusing Touch          Hex            0%           92%         3
 Dazzling Flash           Conj/Hex       0%           92%         3
 Spider Form              Tmut/Pois      0%           92%         3
 Tukima's Dance           Hex            0%           92%         3
 Vampiric Draining        Necr           0%           92%         3
 Animate Dead             Necr           0%           100%        4
 Fulminant Prism          Conj/Hex       0%           100%        4
 Ice Form                 Ice/Tmut       0%           100%        4
 Iskenderun's Mystic Bla  Conj/Tloc      0%           100%        4
 Agony                    Necr           0%           100%        5
 Blade Hands              Tmut           0%           100%        5


Dungeon Overview and Level Annotations

Branches:
Dungeon (12/15)            Temple (1/1) D:4            Lair (0/6) D:8
    Orc (0/2) D:9         Ossuary (visited)          Bailey (visited)

Altars:
Ashenzari
Dithmenos
Elyvilon
Gozag
Hepliaklqana
Makhleb
Nemelex Xobeh
Okawaru
Qazlal
Sif Muna
Vehumet
Wu Jian
Xom
Zin
The Shining One

Shops:
D:4 *   D:6 *

Annotations:
D:7 exclusion: downstairs
D:8 exclusion: 2 downstairs
D:9 exclusion: orc wizard
D:10 exclusion: downstairs
D:11 exclusion: boulder beetle


Message History

* * * LOW HITPOINT WARNING * * *
The manticore claws you!
* * * LOW HITPOINT WARNING * * *
The manticore misses you.
You are confused.
You feel invigorated. The manticore bites you.
* * * LOW HITPOINT WARNING * * *
The manticore claws you but does no damage. x2
Unknown command.
You miss the manticore.
The manticore is severely wounded.
The manticore barely misses you. x2; The manticore claws you.
* * * LOW HITPOINT WARNING * * *
You hit the manticore.
The manticore is severely wounded.
The manticore bites you!
* * * LOW HITPOINT WARNING * * *
The manticore barely misses you. The manticore claws you.
You die...
Your body crumbles into a pile of gold.

.............
............
##.#.......#
........#.(#
...######..#
...'.......#
...#######.#
....#
#.##########
....#
#....).@H..#
....#
#.########.#
..#.# ### #.#
###+# #.# .
#.# ## #.#
#H# ... $ ...


You could see a manticore.

Vanquished Creatures
  3 two-headed ogres
  Maurice (D:8)
  Psyche (D:8)
  A hornet (D:11)
  2 trolls
  Grinder (D:3)
  A wraith (Ossuary)
  2 wyverns
  Sigmund (D:4)
  2 yaks (D:8)
  Menkaure (D:7)
  Edmund (D:4)
  2 ice beasts
  8 orc wizards
  2 phantoms
  4 orc warriors
  A sky beast (D:9)
  4 ogres
  2 centaurs
  5 bullfrogs
  A scorpion (D:8)
  7 killer bees (D:11)
  3 wights (D:7)
  3 howler monkeys
  A bullfrog zombie (D:5)
  2 centaur zombies
  A bullfrog skeleton (D:9)
  4 orc priests
  2 jellies
  2 centaur skeletons
  3 hounds
  2 iguanas
  Terence (D:2)
  Natasha (thrice) (D:3)
  2 worker ants
  2 mummies
  A hound skeleton (D:10)
  Robin (D:3)
  A worker ant zombie (D:9)
  4 gnolls (D:10)
  17 adders
  5 white imps
  3 ufetubi
  3 adder zombies
  An adder skeleton (D:6)
  A worm (D:3)
  A dart slug (D:5)
  4 leopard geckos
  30 orcs
  8 giant cockroaches
  14 goblins
  14 hobgoblins
  12 jackals
  4 quokkas
  3 ball pythons
  8 bats
  5 frilled lizards
  2 gnoll skeletons (Ossuary)
  20 kobolds
  9 kobold skeletons (Ossuary)
  14 orc skeletons (Ossuary)
  2 quokka skeletons
  4 rats
275 creatures vanquished.

Vanquished Creatures (collateral kills)
  3 yaks (D:8)
  2 water moccasins (D:8)
  2 orc warriors (Bailey)
  A worm (D:2)
  A giant cockroach (D:4)
  3 goblins (Bailey)
  2 hobgoblins (Bailey)
  4 kobolds (Bailey)
  A bat (D:2)
19 creatures vanquished.

Vanquished Creatures (others)
  An orc knight (Bailey)
  A wyvern (D:8)
  An ogre (D:8)
  A yak (D:8)
  A water moccasin (D:6)
  An orc wizard (D:8)
  A kobold (Bailey)
  7 fungi (D:8)
  24 plants
38 creatures vanquished.

Grand Total: 332 creatures vanquished

Notes
Turn   | Place    | Note
-------+----------+-------------------------------------------
     0 | D:1      | H0rd4k the Human Artificer began the quest for the Orb.
     0 | D:1      | Reached XP level 1. HP: 15/15 MP: 1/1
   239 | D:1      | Reached XP level 2. HP: 10/21 MP: 2/2
  1387 | D:2      | Noticed Terence
  1397 | D:2      | Reached XP level 3. HP: 26/26 MP: 3/3
  1477 | D:2      | Killed Terence
  1731 | D:2      | Reached XP level 4. HP: 15/32 MP: 4/4
  2150 | D:2      | Reached skill level 1 in Short Blades
  2507 | D:2      | Reached XP level 5. HP: 32/38 MP: 5/5
  3108 | D:3      | Noticed Grinder
  3340 | D:4      | Found Ymuo's General Store.
  3494 | D:4      | Noticed Sigmund
  3506 | D:4      | Reached skill level 1 in Long Blades
  3521 | D:4      | Found a staircase to the Ecumenical Temple.
  3608 | D:4      | Noticed Edmund
  3637 | D:4      | Killed Edmund
  3638 | D:4      | Reached XP level 6. HP: 13/44 MP: 6/6
  3801 | D:4      | Killed Sigmund
  3802 | D:4      | Reached XP level 7. HP: 15/50 MP: 7/7
  4300 | D:5      | Entered Level 5 of the Dungeon
  4376 | D:5      | Reached skill level 2 in Long Blades
  4869 | D:5      | Reached XP level 8. HP: 55/57 MP: 8/8
  4870 | D:5      | Reached skill level 3 in Long Blades
  5033 | D:5      | Found a radiant altar of Vehumet.
  5268 | Temple   | Entered the Ecumenical Temple
  5321 | Temple   | Became a worshipper of Gozag Ym Sagoz the Greedy
  5483 | D:3      | Noticed Robin
  5503 | D:3      | Killed Robin
  5530 | D:3      | Found an ornate altar of the Wu Jian Council.
  5575 | D:3      | Noticed Natasha
  5597 | D:3      | Killed Natasha
  5674 | D:3      | Paralysed by Grinder for 4 turns
  5690 | D:3      | Killed Grinder
  5691 | D:3      | Reached skill level 4 in Long Blades
  5873 | D:3      | Noticed Natasha
  5887 | D:3      | Killed Natasha
  5915 | D:3      | Noticed Natasha
  5926 | D:3      | Killed Natasha
  6200 | D:6      | Reached skill level 5 in Long Blades
  6363 | D:6      | Found Cutistrou's General Store.
  6560 | D:6      | Reached XP level 9. HP: 44/62 MP: 9/9
  6692 | D:6      | Bought a scroll of teleportation for 39 gold pieces
  6692 | D:6      | Bought a scroll of blinking for 97 gold pieces
  6707 | D:6      | Found a faded altar of an unknown god.
  6707 | D:6      | Found a shadowy altar of Dithmenos.
  6715 | D:6      | Found a faded altar of an unknown god.
  6719 | D:6      | Found an iron altar of Okawaru.
  6721 | D:6      | Found a sparkling altar of Nemelex Xobeh.
  6882 | D:7      | Found a broken altar of Ashenzari.
  6882 | D:7      | Noticed Menkaure
  6908 | D:7      | Found a flagged portal.
  6916 | Bailey   | Entered a bailey
  6939 | Bailey   | Noticed an orc knight
  6941 | Bailey   | Reached skill level 5 in Armour
  6961 | Bailey   | Identified the +9 trident of the Black Skies {vamp, rPois
                  | Str-2 Dex+8}
  7039 | Bailey   | Killed an orc warrior
  7040 | Bailey   | Reached skill level 6 in Long Blades
  7040 | Bailey   | Reached skill level 5 in Evocations
  7166 | Bailey   | Upgraded the game from 0.26.1-2-gb8aa6d0cf2 to
                  | 0.26.1-10-gdfb7c7de75
  7220 | D:7      | Found a sand-covered staircase.
  7226 | Ossuary  | Entered an ossuary
  7665 | D:7      | Reached skill level 7 in Long Blades
  7767 | D:7      | Killed Menkaure
  8013 | D:7      | Reached XP level 10. HP: 65/71 MP: 10/10
  8503 | D:8      | Reached skill level 8 in Long Blades
  8554 | D:8      | Noticed Psyche
  8565 | D:8      | Killed Psyche
  8633 | D:8      | Reached skill level 5 in Fighting
  8907 | D:8      | Noticed Maurice
  8956 | D:8      | Reached skill level 9 in Long Blades
  9104 | D:8      | Found a staircase to the Lair.
  9134 | D:8      | Killed Maurice
  9669 | D:4      | Bought a scroll of enchant weapon for 105 gold pieces
  9746 | D:6      | Bought a scroll of enchant armour for 97 gold pieces
  9821 | D:9      | Got a heavily runed lapis lazuli ring
  9832 | D:9      | Noticed a two-headed ogre
  9851 | D:8      | Identified the ring of Ulov {rElec Will- Str+6 Dex+5} (You
                  | found it on level 9 of the Dungeon)
 10092 | D:9      | Killed a two-headed ogre
 10093 | D:9      | Reached XP level 11. HP: 55/81 MP: 11/11
 10597 | D:9      | Found a staircase to the Orcish Mines.
 10641 | D:9      | Noticed a two-headed ogre
 10652 | D:9      | Killed a two-headed ogre
 10653 | D:9      | Reached skill level 10 in Long Blades
 10861 | D:9      | Found a shimmering blue altar of Sif Muna.
 11190 | D:10     | Entered Level 10 of the Dungeon
 11345 | D:11     | Paralysed by a hornet for 2 turns
 11474 | D:11     | Noticed a boulder beetle
 11784 | D:11     | Reached skill level 5 in Dodging
 11828 | D:11     | Noticed a two-headed ogre
 11840 | D:11     | Killed a two-headed ogre
 11894 | D:11     | Noticed a wizard
 11908 | D:12     | Noticed a red ugly thing
 12113 | D:11     | You fall into a shaft and drop 2 floors!
 12197 | D:13     | Noticed a manticore
 12216 | D:13     | HP: 4/83 [manticore (10)]
 12219 | D:13     | Slain by a manticore

Illustrated notes

Levels and vault maps discovered:
D:1:      nicolae_arrival_washed_ashore, layout_rooms, hangedman_glass_teeth
D:2:      layout_basic, uniq_terence
D:3:      layout_rooms, old_standard_altar, uniq_grinder, uniq_robin,
          uniq_natasha
D:4:      layout_basic, minmay_temple_entry_junction_2, serial_shops,
          shop_statue, uniq_edmund, uniq_sigmund
D:5:      layout_gridville, basic_altar
D:6:      layout_loops_ring, chequers_temple_overflow_minitemple, serial_shops,
          nicolae_shop_waterfront
D:7:      corexii_shack_village, layout_loops_ring, ashenzari_altar_1,
          gup_ossuary_entry_pyramid, enter_bailey_6, item_on_display_a,
          uniq_menkaure
D:8:      layout_basic, minmay_lair_entry_grove, uniq_maurice, uniq_psyche
D:9:      layout_loops_ring, led_sif_book, orc_0_dummy, st_stairs_8,
          nicolae_zen_rock_garden
D:10:     layout_small_grid
D:11:     layout_irregular_city, lightli_wizard_tower, uniq_erolcha
D:12:     layout_rooms, nicolae_elemental_shop
D:13:     layout_basic
Temple:   eino_temple_scatter_basement

Skill      XL: |  1  2  3  4  5  6  7  8  9 10 11 |
---------------+----------------------------------+-----
Short Blades   | 1 |  1.3
Armour         | 3 4 5 7 8 |  8.1
Dodging        | 2 3 4 5 |  5.1
Long Blades    | 1 2 5 7 9 10 | 10.8
Stealth        | 2 3 4 |  4.4
Evocations     | 4 5 6 |  6.4
Fighting       | 2 3 4 6 |  6.9

Action                   |  1- 3 |  4- 6 |  7- 9 | 10-12 || total
-------------------------+-------+-------+-------+-------++-------
Melee: Club              |    60 |       |       |       ||    60
       Short sword       |   127 |   125 |       |       ||   252
       Falchion          |       |   116 |     2 |       ||   118
       Long sword        |       |       |   403 |   357 ||   760
Evoke: Wand              |     1 |    26 |    15 |    32 ||    74
       Lightning rod     |       |       |     5 |     2 ||     7
       Phial of floods   |       |       |       |     1 ||     1
  Use: Scroll            |       |       |    15 |     4 ||    19
       Potion            |       |       |     1 |     1 ||     2
 Stab: Sleeping          |     1 |       |     2 |       ||     3
       Paralysed         |       |    12 |       |       ||    12
       Confused          |       |     1 |     1 |       ||     2
       Distracted        |       |       |       |     1 ||     1
Armor: Leather armour    |    38 |       |       |       ||    38
       Plate armour      |   139 |   143 |       |       ||   282
       Scale mail        |       |    79 |   223 |   176 ||   478
Dodge: Dodged            |    78 |   129 |   307 |   195 ||   709
       Rpst.: Falchion   |       |    31 |     1 |       ||    32
       Long sword        |       |       |    72 |    44 ||   116
